 Dungeon Crawl Stone Soup version 0.27-a0-789-g6bb3289e1e (webtiles) character file.

Game seed: 7919263351595355370

61 leviel the Skirmisher (level 4, -2/29 HPs)
             Began as a Gargoyle Monk on Mar 26, 2021.
             Killed by divine providence
             ... invoked by an orc priest
              (12 damage)
             ... on level 3 of the Dungeon.
             The game lasted 00:01:51 (2096 turns).

leviel the Skirmisher (Gargoyle Monk)               Turns: 2096, Time: 00:01:51

Health: -2/29      AC:  5    Str: 15    XL:     4   Next: 7%
Magic:  4/4        EV: 12    Int: 11    God:
Gold:   46         SH:  0    Dex: 12    Spells: 3/3 levels left

rFire    . . .     SeeInvis .   a - +1 falchion
rCold    . . .     Faith    .   (no shield)
rNeg     + . .     Spirit   .   b - +0 robe
rPois    ∞         Reflect  .   (no helmet)
rElec    +         Harm     .   (no cloak)
rCorr    .         Rampage  .   (no gloves)
Will     .....                  (no boots)
Stlth    ++........             (no amulet)
HPRegen  0.09/turn              (no ring)
MPRegen  0.09/turn              (no ring)

@: no status effects
A: AC +3, negative energy resistance 1, electricity resistance, torment
resistance 1, unbreathing 1, petrification resistance
a: no special abilities


You were on level 3 of the Dungeon.
You visited 1 branch of the dungeon, and saw 3 of its levels.

You collected 46 gold pieces.

Inventory:

Hand Weapons
 a - a +1 falchion (weapon)
Armour
 b - a +0 robe (worn)
Jewellery
 d - a ring of magical power
Scrolls
 e - a scroll of fear {unknown}
 h - a scroll of teleportation {unknown}
Potions
 f - a potion of degeneration {unknown}
 g - a potion of attraction {unknown}
 i - a potion of curing {unknown}


   Skills:
 + Level 3.9 Fighting
 + Level 3.4 Long Blades
 + Level 2.9 Dodging
 - Level 2.3 Stealth


You had 3 spell levels left.
You didn't know any spells.
Your spell library was empty.

Dungeon Overview and Level Annotations

Branches:
Dungeon (3/15)

Altars:
Ashenzari
Kikubaaqudgha

Shops:
D:2 !


Innate Abilities, Weirdness & Mutations

Your stone body is resilient. (AC +3)
You are immune to poison.
You resist negative energy. (rN+)
You are resistant to electric shocks. (rElec)
You are resistant to unholy torment.
You can survive without breathing.
You are immune to petrification.


Message History

The adder is moderately wounded.
The adder misses you. The adder bites you but does no damage.
You barely miss the adder.
The adder is moderately wounded.
The adder completely misses you.
You hit the adder.
The adder is heavily wounded.
The adder closely misses you.
The orc priest calls down the wrath of Beogh upon you.
Beogh smites you!
* * * LOW HITPOINT WARNING * * *
The adder misses you.
You riposte.
You closely miss the adder.
The adder is moderately wounded.
The adder bites you but does no damage.
As you read the scroll labelled YTITAS BOAN, it crumbles to dust.
It is a scroll of enchant weapon.
Your +0 falchion glows red for a moment.
The adder completely misses you. The adder completely misses you.
You riposte.
You closely miss the adder.
The adder is moderately wounded.
The adder bites you but does no damage. The adder closely misses you.
The adder barely misses you.
You riposte.
You slash the adder!
The adder is almost dead.
The adder barely misses you. The adder closely misses you.
You riposte.
You miss the adder.
The adder is almost dead.
The adder completely misses you. The adder bites you but does no damage.
The adder barely misses you. The adder barely misses you.
You riposte.
You closely miss the adder.
The adder is almost dead.
The adder bites you but does no damage. The adder barely misses you.
You riposte.
You barely miss the adder.
The adder is almost dead.
The adder barely misses you.
You riposte.
You closely miss the adder.
The adder is almost dead.
The orc priest mumbles some strange prayers to Beogh against you.
Beogh smites you!
You die...

#######)#o.#
.........._#
#######.####
#.o# ##.#
#o# #.#
#########o#
#.@S.o.o..#
#.#########
#.# #.# #.#
#.#
########.#
.......<.#
##########


You could see an orc priest, an adder and 2 orcs.

Vanquished Creatures
  An adder (D:2)
  A worm (D:2)
  3 dart slugs (D:1)
  An orc (D:3)
  3 ball pythons
  5 endoplasms
  3 goblins (D:1)
  4 hobgoblins
  7 jackals
  A kobold (D:1)
  A quokka (D:2)
  5 bats
  2 frilled lizards (D:1)
  A rat (D:2)
38 creatures vanquished.

Notes
Turn   | Place    | Note
-------+----------+-------------------------------------------
     0 | D:1      | leviel the Gargoyle Monk began the quest for the Orb.
     0 | D:1      | Reached XP level 1. HP: 14/14 MP: 1/1
   398 | D:1      | Reached XP level 2. HP: 19/19 MP: 2/2
   721 | D:1      | Reached XP level 3. HP: 19/24 MP: 3/3
  1202 | D:2      | Found Oshooc's Distillery.
  1496 | D:2      | Found a broken altar of Ashenzari.
  1709 | D:2      | Reached XP level 4. HP: 29/29 MP: 4/4
  1891 | D:3      | Found an ancient bone altar of Kikubaaqudgha.
  2096 | D:3      | Killed from afar by an orc priest

Illustrated notes

Levels and vault maps discovered:
D:1:      nicolae_arrival_memento_mori, layout_loops_cross, serial_park_tiny_1,
          nrook_campfire, st_stairs_4, corexii_hall_statues_x,
          serial_park_tiny_pond
D:2:      layout_loops_cross, lemuel_doored_altar, serial_shops, shop
D:3:      layout_loops_ring, nicolae_uskayaw_suspiria, overflow_temple_1_default

Skill      XL: |  1  2 |
---------------+-------+-----
Long Blades    | 3 |  3.4
Fighting       | |  3.9
Dodging        | |  2.9
Stealth        | |  2.3

Action                   |  1- 3 |  4- 6 || total
-------------------------+-------+-------++-------
Melee: Falchion          |   100 |    26 ||   126
  Use: Scroll            |       |     1 ||     1
 Stab: Sleeping          |     7 |     1 ||     8
       Distracted        |     1 |       ||     1
Armor: Robe              |    52 |    13 ||    65
Dodge: Dodged            |    73 |    26 ||    99
       Rpst.: Falchion   |    29 |     8 ||    37

Table legend: (Time is in decaauts)
 A = Elapsed time spent in this place.
 B = Non-inter-level travel time spent in this place.
 C = Inter-level travel time spent in this place.
 D = Time resting spent in this place.
 E = Time spent auto-exploring this place.
 F = Levels seen in this place.
 G = Mean time per level.
                   A        B        C        D        E       F      G
               +--------+--------+--------+--------+--------+-----+--------+
         Total |   2114 |   2040 |     74 |      0 |   1732 |   3 |  704.7 |
       Dungeon |   2114 |   2040 |     74 |      0 |   1732 |   3 |  704.7 |
               +--------+--------+--------+--------+--------+-----+--------+

Top non-repeatable levels by time:
     D:1: 1095 daAuts
     D:2: 789 daAuts
     D:3: 230 daAuts
